 Seeded DCSS version 0.30.0-29-ga12c61a403 (webtiles) character file.

Game seed: 9720937081434346691 (custom seed)

345 OTABOTABOTAB the Shooter (level 6, 38/38 HPs)
             Began as a Kobold Hunter on June 25, 2023.
             Quit the game on level 4 of the Dungeon.
             The game lasted 00:04:39 (4084 turns).

OTABOTABOTAB the Shooter (Kobold Hunter)            Turns: 4084, Time: 00:04:39

Health: 38/38      AC:  3    Str:  8    XL:     6   Next: 90%
Magic:  6/6        EV: 16    Int: 10    God:
Gold:   140        SH:  0    Dex: 21    Spells: 5/5 levels left

rFire   . . .        a - +0 shortbow
rCold   . . .        (shield currently unavailable)
rNeg    . . .        c - +0 leather armour
rPois   .            (no helmet)
rElec   .            n - scarf {shadows}
rCorr   .            (no gloves)
SInv    .            (no boots)
Will    .....        (no amulet)
Stlth   ++++         (no ring)
HPRegen 0.26/turn    (no ring)
MPRegen 0.10/turn

%: no passive effects
@: no status effects
A: small, no large weapons, nightstalker 3
a: no special abilities


You were on level 4 of the Dungeon.
You visited 1 branch of the dungeon, and saw 4 of its levels.
You also visited: Sewer.

You collected 140 gold pieces.

Inventory:

Hand Weapons
 a - a +0 shortbow (weapon)
 q - a +0 dagger of venom
   (You took it off a kobold in a sewer)
Missiles
 h - a throwing net {!d}
 s - 83 stones
Armour
 c - a +0 leather armour (worn)
 n - a scarf of shadows (worn)
   (You found it on level 3 of the Dungeon)
Jewellery
 k - an amulet of faith
   (You found it on level 2 of the Dungeon)
 I - a +6 ring of intelligence
   (You found it on level 1 of the Dungeon)
 W - a ring of willpower
   (You found it on level 1 of the Dungeon)
Scrolls
 b - a scroll of poison {unknown}
 d - 5 scrolls of identify {unknown}
 e - 2 scrolls of teleportation {unknown}
 i - 4 scrolls of noise {unknown}
 o - 4 scrolls of amnesia {unknown}
 p - a scroll of torment {unknown}
 v - a scroll of enchant armour {unknown}
 K - 2 scrolls of immolation {!r}
Potions
 f - a potion of flight {unknown}
 g - 2 potions of haste {unknown}
 j - a potion of cancellation {unknown}
 l - 3 potions of magic {unknown}
 m - 3 potions of might {unknown}
 r - a potion of brilliance {unknown}
 t - a potion of heal wounds {unknown}
 u - a potion of lignification {unknown}
 w - a potion of resistance {unknown}
 J - 2 potions of curing {@q1}


   Skills:
 + Level 3.8 Fighting
 * Level 7.5 Ranged Weapons
 + Level 4.2 Dodging
 + Level 4.2 Stealth


You had 5 spell levels left.
You didn't know any spells.
Your spell library contained the following spells:

 Spells                   Type           Power      Damage    Failure   Level
 Sting                    Tmut/Pois      0%         1d3       50%         1
 Blink                    Tloc           0%         N/A       63%         2
 Poisonous Vapours        Pois/Air       0%         N/A       63%         2
 Call Canine Familiar     Summ           0%         N/A       86%         3
 Portal Projectile        Hex/Tloc       0%         N/A       86%         3
 Leda's Liquefaction      Hex/Erth       0%         N/A       99%         4
 Manifold Assault         Tloc           0%         N/A       99%         4
 Olgreb's Toxic Radiance  Pois           0%         N/A       99%         4
 Storm Form               Tmut/Air       0%         N/A       100%        7


Dungeon Overview and Level Annotations

Branches:
Dungeon (4/15)              Sewer (visited)
 Temple: D:4-7

Altars:
Wu Jian
Zin

Shops:
D:4 (


Innate Abilities, Weirdness & Mutations

You are small and have problems with some larger weapons.
You are completely attuned to the shadows.


Message History

Health restored: 38 You shoot an arrow.
The arrow misses the hound.
The hound closely misses you.
You shoot an arrow. The arrow hits the hound.
The hound closely misses you. The hound bites you.
You take 4 damage, and have 34/38 hp.
You shoot an arrow.
The arrow hits the hound but does no damage.
The hound closely misses you. x2
You shoot an arrow. The arrow hits the hound!
The hound bites you.
You take 3 damage, and have 31/38 hp.
You shoot an arrow.
The arrow hits the hound but does no damage.
The hound misses you. The hound bites you.
You take 3 damage, and have 28/38 hp.
You shoot an arrow. The arrow hits the hound!
You kill the hound!
Unknown command.
No target in view!
No target in view!
A worm comes into view.
Health restored: 38 No reachable target in view!
No reachable target in view!
A worm is nearby!
Unknown command.
No target in view!
You shoot an arrow.
The arrow hits the worm but does no damage.
You shoot an arrow. The arrow hits the worm.
The worm closely misses you.
You shoot an arrow. The arrow hits the worm.
You shoot an arrow. The arrow hits the worm.
The worm closely misses you.
Unknown command.
You shoot an arrow. The arrow hits the worm.
The worm closely misses you.
You shoot an arrow. The arrow hits the worm!
You shoot an arrow. The arrow hits the worm!
You kill the worm!
No target in view!
No target in view!
Unknown command.
You see here a worm corpse.
w - an orange potion You see here a worm corpse.
An ufetubus comes into view.
An ufetubus is nearby!
You shoot an arrow. The arrow hits the ufetubus!
You kill the ufetubus!
No target in view!
No target in view!
No target in view!
s - 83 stones (gained 7)
An orc wizard comes into view. It is wielding a +0 dagger.
You shoot an arrow. The arrow hits the orc wizard!
The orc wizard shouts!
The orc wizard casts a spell at you. You resist with some effort.
You shoot an arrow. The arrow barely misses the orc wizard.
You shoot an arrow.
The arrow closely misses the orc wizard.
The orc wizard hits you with a +0 dagger.
You take 4 damage, and have 34/38 hp.
You shoot an arrow.
The arrow hits the orc wizard but does no damage.
The orc wizard barely misses you.
You shoot an arrow. The arrow hits the orc wizard.
You kill the orc wizard!
No target in view!
No target in view!
Things that are here:
a +0 dagger; a +0 robe; an orc corpse
m - 2 glowing clear potions (gained 1)
Things that are here:
a +0 dagger; a +0 robe; an orc corpse
d - 5 scrolls labelled JIURHI TAMUISS (gained 1)
You now have 140 gold pieces (gained 17).
m - 3 glowing clear potions (gained 1)
A hobgoblin comes into view.
Health restored: 38 You shoot an arrow.
The arrow hits the hobgoblin but does no damage.
Unknown command.
You shoot an arrow. The arrow hits the hobgoblin.
You shoot an arrow. The arrow hits the hobgoblin.
The hobgoblin closely misses you. The hobgoblin misses you.
You shoot an arrow. The arrow hits the hobgoblin!
You kill the hobgoblin!
No target in view!
No target in view!
Done exploring.
Done exploring.
Okay, then.
Done exploring.
Done exploring.
Done exploring.
Search for what [? for help]? ego You open the door.
There is an open door here.
You open the door.
There is an open door here.
There is an open door here.
There is an entrance to Noupeguh's Antique Weapon Emporium here.

##### ###...# ####.#...#
#####.##.....##########
#.##........#.........###
...............#'#......# ###
..............##'##..##.## #.####
....#........###+###.#...###....#
.#..###...#..''+@'''.....##......
###.####.###.###'###.#...#.#.....
##...###.# #..##'##..#.....##....
#....##..###...#'#......#...#....
...........#........#...#........
......................##.........
.............#.........#.........
.................................
.........................#.......


There were no monsters in sight!

Vanquished Creatures
  A scorpion (D:4)
  2 hounds (D:4)
  An orc wizard (D:4)
  9 adders
  A river rat (Sewer)
  An ufetubus (D:4)
  3 worms
  3 dart slugs
  2 orcs
  7 bats
  5 endoplasms
  8 giant cockroaches
  7 goblins
  5 hobgoblins
  4 jackals
  4 quokkas
  5 ball pythons
  3 frilled lizards
  13 kobolds
  11 rats
95 creatures vanquished.

Notes
Turn   | Place    | Note
-------+----------+-------------------------------------------
     0 | D:1      | OTABOTABOTAB the Kobold Hunter began the quest for the Orb.
     0 | D:1      | Reached XP level 1. HP: 12/12 MP: 1/1
   122 | D:1      | Reached XP level 2. HP: 18/18 MP: 2/2
   269 | D:1      | Reached skill level 2 in Stealth
   380 | D:1      | Reached XP level 3. HP: 22/22 MP: 3/3
   471 | D:1      | Found a faded altar of an unknown god.
   849 | D:2      | Reached skill level 3 in Dodging
   948 | D:2      | Reached skill level 6 in Ranged Weapons
   981 | D:2      | Reached XP level 4. HP: 27/27 MP: 4/4
  1819 | D:3      | Reached skill level 3 in Fighting
  1981 | D:3      | Found a glowing drain.
  1992 | Sewer    | Entered a sewer
  2099 | Sewer    | Reached skill level 3 in Stealth
  2099 | Sewer    | Reached XP level 5. HP: 27/32 MP: 5/5
  3101 | D:4      | Found Noupeguh's Antique Weapon Emporium.
  3225 | D:4      | HP: 4/32 [poisoned by a scorpion]
  3230 | D:4      | Reached skill level 7 in Ranged Weapons
  3230 | D:4      | Reached skill level 4 in Dodging
  3230 | D:4      | Reached XP level 6. HP: 12/37 MP: 6/6
  3333 | D:4      | Found a glowing silver altar of Zin.
  3407 | D:4      | Reached skill level 4 in Stealth
  3488 | D:4      | Found an ornate altar of the Wu Jian Council.
  4084 | D:4      | Quit the game

Illustrated notes

Levels and vault maps discovered:
D:1:      dpeg_arrival_rooms_a, layout_basic,
          shapermc_ecumenical_altar_mp_urbaneastern, minmay_unequal
D:2:      layout_loops_ring
D:3:      layout_loops_ring, portal_sewer_entry_f
D:4:      layout_cave_pools, zin_scriptorium, mainiacjoe_overflow_paths,
          serial_shops, nicolae_shop_real_fake_doors, kennysheep_nondescript,
          minmay_puff

Skill      XL: |  1  2  3  4  5  6 |
---------------+-------------------+-----
Stealth        | 2 3 4 |  4.2
Dodging        | 3 4 |  4.2
Ranged Weapons | 6 7 |  7.5
Fighting       | 3 |  3.8

Action                     |  1- 3 |  4- 6 || total
---------------------------+-------+-------++-------
   Fire: Shortbow          |    52 |   162 ||   214
    Use: Potion            |       |     2 ||     2
 Armour: Leather armour    |     4 |     9 ||    13
  Dodge: Dodged            |    15 |    59 ||    74

Levels and vault maps discovered:
D:1:      dpeg_arrival_rooms_a, layout_basic,
          shapermc_ecumenical_altar_mp_urbaneastern, minmay_unequal
D:2:      layout_loops_ring
D:3:      layout_loops_ring, portal_sewer_entry_f
D:4:      layout_cave_pools, zin_scriptorium, mainiacjoe_overflow_paths,
          serial_shops, nicolae_shop_real_fake_doors, kennysheep_nondescript,
          minmay_puff

Table legend: (Time is in decaauts)
 A = Elapsed time spent in this place.
 B = Non-inter-level travel time spent in this place.
 C = Inter-level travel time spent in this place.
 D = Time resting spent in this place.
 E = Time spent auto-exploring this place.
 F = Levels seen in this place.
 G = Mean time per level.
                   A        B        C        D        E       F      G
               +--------+--------+--------+--------+--------+-----+--------+
         Total |   4344 |   4259 |     85 |     93 |   3689 |   5 |  868.8 |
       Dungeon |   3383 |   3298 |     85 |     93 |   2877 |   4 |  845.8 |
         Sewer |    961 |    961 |      0 |      0 |    812 |   1 |  961.0 |
               +--------+--------+--------+--------+--------+-----+--------+

Top non-repeatable levels by time:
     D:4: 1055 daAuts
   Sewer: 961 daAuts
     D:1: 843 daAuts
     D:3: 810 daAuts
     D:2: 674 daAuts

Table legend:
 A = Kills in this place as a percentage of kills in the entire game.
 B = Kills by you in this place as a percentage of kills by you in the entire game.
 C = Kills by friends in this place as a percentage of kills by friends in the entire game.
 D = Other kills in this place as a percentage of other kills in the entire game.
 E = Experience gained in this place as a percentage of experience gained in the entire game.
 F = Experience gained in this place divided by the number of levels of this place that you have seen.
                   A       B       C       D       E      F
               +-------+-------+-------+-------+-------+----------------------
         Total | 100.0 | 100.0 |   N/A |   N/A | 100.0 |  98.8
       Dungeon |  70.5 |  70.5 |   N/A |   N/A |  76.3 |  94.2
         Sewer |  29.5 |  29.5 |   N/A |   N/A |  23.7 | 117.0
               +-------+-------+-------+-------+-------+----------------------
